AoeStats
← Kalibra

Arabia

506694755Analyzed
1v1 RM · 19d ago on Sep 14, 2026· 50m 14s· 2 players
Game mode
Random Map
Map size
Tiny (2 player)
Population
200
Speed
Normal
Resources
Standard
Victory
Conquest
Starting age
Dark Age
Ending age
Imperial Age
RankedLock teamsTeams togetherTeam positionsShared explorationLock speedFull tech treeHidden civsTurbo modeCheats
Victory
Defeat
🇹🇷 Khmer · Türkiye
606
+13
🇬🇧 Ethiopians · United Kingdom
543
-18
ItsRobsy
7:42 Loom
10:58 Feudal Age
13:25 Wheelbarrow
12:46 Double-Bit Axe
17:40 Fletching
18:24 Padded Archer Armor
25:24 Castle Age
25:27 Crossbowman
26:47 Bodkin Arrow
27:44 Ballistics
30:40 Horse Collar
31:13 Bow Saw
31:05 Gold Mining
33:46 Stone Mining
39:23 Imperial Age
38:43 Hand Cart
40:13 Thumb Ring
39:35 Arbalester
40:41 Thumb Ring
46:23 Onager
Kalibra
3:55 Loom
9:17 Feudal Age
10:26 Double-Bit Axe
18:59 Castle Age
18:33 Forging
19:14 Scale Barding Armor
25:45 Chain Barding Armor
26:33 Bloodlines
27:21 Husbandry
28:01 Iron Casting
29:08 Fletching
29:19 Padded Archer Armor
30:40 Horse Collar
31:28 Bodkin Arrow
31:48 Leather Archer Armor
36:44 Imperial Age
35:21 Wheelbarrow
37:44 Bow Saw
38:13 Double Crossbow
39:37 Chemistry
39:22 Hand Cart
39:10 Heavy Plow
39:06 Gold Mining
39:07 Stone Mining
40:57 Elite Ballista Elephant
45:28 Ballistics
46:12 Blast Furnace
45:12 Bracer
45:48 Plate Barding Armor
45:43 Ring Archer Armor
49:23 Cavalier
Connection lost

Rejoining the realm…

Still unreachable

The connection could not be restored.

Session expired

The server has moved on; the page needs a fresh start.